 Dungeon Crawl Stone Soup version 0.21.0-3-g78d12a8 (console) character file.

233 ahub the Skirmisher (level 5, -8/42 HPs)
             Began as a Demonspawn Monk on Jan 9, 2018.
             Mangled by a mummy (10 damage)
             ... in an ossuary.
             The game lasted 00:06:21 (3249 turns).

ahub the Skirmisher (Demonspawn Monk)               Turns: 3249, Time: 00:06:22

Health: -8/42      AC:  7    Str: 12    XL:     5   Next: 74%
Magic:  0/5        EV: 10    Int: 15    God:
Gold:   201        SH:  0    Dex: 15    Spells: 4/4 levels left

rFire    + + .     SeeInvis .   b - +0 long sword
rCold    . . .     Gourm    .   (no shield)
rNeg     . . .     Faith    .   l - +0 scale mail
rPois    +         Spirit   +   (helmet restricted)
rElec    +         Reflect  .   (no cloak)
rCorr    +         Harm     .   (no gloves)
MR       .....                  i - +0 pair of boots
Stlth    +.........             (no amulet)
HPRegen  0.54/turn              k - ring of fire
MPRegen  0.18/turn              q - +3 ring of intelligence

@: resistant
A: horns 2, regeneration 1, spiny 1, wild magic 1, magic shield, magic
regeneration
a: no special abilities


You were in an ossuary.
You were not hungry.

You visited 1 branch of the dungeon, and saw 4 of its levels.
You also visited: Ossuary.

You collected 201 gold pieces.

Inventory:

Hand Weapons
 b - a +0 long sword (weapon)
Armour
 i - a +0 pair of boots (worn)
 l - a +0 scale mail (worn)
Jewellery
 k - a ring of fire (left hand)
 q - a +3 ring of intelligence (right hand)
Scrolls
 d - 6 scrolls of identify {unknown}
 e - 2 scrolls of remove curse
 j - 2 scrolls of amnesia {unknown}
 o - 4 scrolls of teleportation {unknown}
Potions
 f - a potion of resistance
 h - a potion of brilliance {unknown}
 m - a potion of degeneration {unknown}
 n - a potion of might {unknown}
 p - a potion of ambrosia {unknown}
Comestibles
 a - 3 chunks of flesh
 c - 5 rations


   Skills:
 + Level 4.0 Fighting
 * Level 3.7 Long Blades
 + Level 1.6 Armour
 + Level 3.6 Dodging
 + Level 2.9 Stealth


You had 4 spell levels left.
You didn't know any spells.

Dungeon Overview and Level Annotations

Branches:
Dungeon (4/15)
 Temple: D:4-7

Altars:

Annotations:
D:2 1 runed door


Innate Abilities, Weirdness & Mutations

You are partially covered in sharp spines.
When hurt, damage is shared between your health and your magic reserves.
You regenerate magic rapidly.
You have a pair of horns on your head.
Your natural rate of healing is unusually fast.
Your spells are a little harder to cast, but a little more powerful.


Message History

You are too injured to fight recklessly!
You are too injured to fight recklessly!
Your scale mail prevents you from hitting the mummy.
The mummy is heavily damaged.
The mummy hits you!
* * * LOW HITPOINT WARNING * * *
The mummy closely misses you.
You riposte.
You hit the mummy.
The mummy is moderately damaged.
You barely miss the mummy.
The mummy is heavily damaged.
The mummy hits you.
* * * LOW HITPOINT WARNING * * *
It was a potion of resistance.
You feel protected. The mummy closely misses you.
It was a potion of mutation.
You feel extremely strange.
You begin to heal more quickly.
A pair of horns grows on your head! The horns on your head grow some more.
You feel less in control of your magic. The mummy hits you!
You die...

.......#
......#
#....#
#....#
#....#
#....#
#....#
#....#
#Z...#
#MM..#
#@∩∩.#
######


You could see 2 mummies and a big kobold zombie.

Vanquished Creatures
  A howler monkey (D:4)
  An orc wizard (D:3)
  An iguana (D:3)
  Robin (D:2)
  5 adders
  2 worms (D:3)
  2 dart slugs
  2 leopard geckos
  3 orcs (D:3)
  A ball python (D:3)
  8 bats
  4 giant cockroaches
  13 goblins
  7 hobgoblins
  A quokka (D:2)
  3 frilled lizards
  3 gnoll zombies (Ossuary)
  2 hobgoblin zombies (Ossuary)
  10 kobolds
  An orc zombie (Ossuary)
  7 rats
78 creatures vanquished.

Notes
Turn   | Place    | Note
-------+----------+-------------------------------------------
     0 | D:1      | ahub the Demonspawn Monk began the quest for the Orb.
     0 | D:1      | Reached XP level 1. HP: 18/18 MP: 1/1
   245 | D:1      | Gained mutation: You are partially covered in sharp spines. [demonic ancestry]
   245 | D:1      | Reached XP level 2. HP: 24/24 MP: 2/2
  1183 | D:2      | Reached XP level 3. HP: 29/29 MP: 3/3
  1313 | D:2      | Noticed Robin
  1331 | D:2      | Killed Robin
  1384 | D:2      | Gained mutation: When hurt, damage is shared between your health and your magic reserves. [demonic ancestry]
  1384 | D:2      | Reached XP level 4. HP: 26/35 MP: 4/4
  1517 | D:2      | Reached skill level 1 in Armour
  1839 | D:2      | Found a runed door.
  2603 | D:3      | Gained mutation: You regenerate magic rapidly. [demonic ancestry]
  2603 | D:3      | Reached XP level 5. HP: 28/42 MP: 2/5
  3182 | D:4      | Reached skill level 4 in Fighting
  3187 | D:4      | Found a sand-covered staircase.
  3194 | Ossuary  | Entered an ossuary
  3247 | Ossuary  | HP: 1/42 [mummy (5)]
  3249 | Ossuary  | Gained mutation: Your natural rate of healing is unusually fast. [potion of mutation]
  3249 | Ossuary  | Gained mutation: You have a pair of small horns on your head. [potion of mutation]
  3249 | Ossuary  | Gained mutation: You have a pair of horns on your head. [potion of mutation]
  3249 | Ossuary  | Gained mutation: Your spells are a little harder to cast, but a little more powerful. [potion of mutation]
  3249 | Ossuary  | Mangled by a mummy

Skill      XL: |  1  2  3  4  5 |
---------------+----------------+-----
Dodging        | 3 |  3.6
Long Blades    | 3 |  3.7
Stealth        | 2 |  2.9
Armour         | 1 |  1.6
Fighting       | 4 |  4.0

Action                   |  1- 3 |  4- 6 || total
-------------------------+-------+-------++-------
Melee: Falchion          |    80 |    15 ||    95
       Long sword        |       |    79 ||    79
  Use: Scroll            |     1 |       ||     1
       Potion            |       |     2 ||     2
 Stab: Sleeping          |     1 |       ||     1
  Eat: Chunk             |     1 |     3 ||     4
       Ration            |       |     1 ||     1
Armor: Robe              |     4 |       ||     4
       Chain mail        |    46 |     8 ||    54
       Scale mail        |       |    25 ||    25
Dodge: Dodged            |    34 |    53 ||    87
       Rpst.: Falchion   |     8 |     2 ||    10
       Long sword        |       |    19 ||    19
